 Dungeon Crawl Stone Soup version 0.20-a0-522-g0b37eee (webtiles) character file.

65202 Lahna the Severer (level 14, -4/135 HPs)
             Began as a Minotaur Berserker on Jan 25, 2017.
             Was the Champion of Trog.
             Shot with an arrow by a centaur (12 damage)
             ... on level 2 of the Orcish Mines.
             The game lasted 00:36:32 (18866 turns).

Lahna the Severer (Minotaur Berserker)             Turns: 18866, Time: 00:36:33

Health: -4/135     AC: 21    Str: 25    XL:     14   Next: 74%
Magic:  13/13      EV: 17    Int:  4    God:    Trog [******]
Gold:   1479       SH:  5    Dex: 15    Spells: 13/13 levels left

rFire    + . .     SeeInvis .   G - +3 executioner's axe (chop)
rCold    . . .     Gourm    .   B - +4 chain mail {rPois}
rNeg     . . .     Faith    .   (shield currently unavailable)
rPois    +         Spirit   .   (helmet restricted)
rElec    .         Reflect  +   y - +2 cloak {MR+}
rCorr    .         Harm     .   (no gloves)
MR       ++...                  (no boots)
Stlth    ..........             t - +5 amulet of reflection
Regen    0.4/turn               q - ring of protection from fire
                                H - ring "Hyvoyter" {Wiz +Inv Str+3}

@: no status effects
A: retaliatory headbutt, horns 2
a: Berserk, Trog's Hand, Brothers in Arms, Burn Spellbooks, Renounce Religion,
Evoke Invisibility


You were on level 2 of the Orcish Mines.
You worshipped Trog.
Trog was exalted by your worship.
You were hungry.

You visited 3 branches of the dungeon, and saw 18 of its levels.
You also visited: Sewer, Ossuary and Ice Cave.

You collected 1479 gold pieces.

Inventory:

Hand Weapons
 e - the +10 dire flail of Maxkeiv {crush, rElec}
   (You found it on level 6 of the Lair of Beasts)

   It inflicts extra damage upon your enemies.
   It insulates you from electricity.
 C - a +4 antimagic battleaxe
 G - a +3 executioner's axe of chopping (weapon)
Armour
 p - a +2 scale mail of fire resistance
 y - a +2 cloak of magic resistance (worn)
 B - a +4 chain mail of poison resistance (worn)
 F - the +0 cloak "Ysollar" {rPois Regen+}
   (You found it on level 9 of the Dungeon)

   It protects you from poison.
   It increases your rate of regeneration.
Jewellery
 o - a +2 ring of protection
 q - a ring of protection from fire (right hand)
 t - a +5 amulet of reflection (around neck)
 v - an uncursed ring of flight
 H - the ring "Hyvoyter" (left hand) {Wiz +Inv Str+3}
   (You found it on level 9 of the Dungeon)

   [ring of wizardry]

   It improves your spell success rate.
   It affects your strength (+3).
   It lets you turn invisible.
 O - an uncursed ring of fire
 P - a +3 ring of dexterity
Wands
 A - a wand of scattershot (4/9)
 E - a wand of enslavement (11/24)
 M - a wand of flame (24/48)
 Q - a wand of disintegration (10/24)
 T - a wand of confusion (24/48)
 V - a wand of acid (6/15)
Scrolls
 a - 3 scrolls of enchant armour {unknown}
 b - a scroll of silence {unknown}
 d - 10 scrolls of remove curse
 i - 2 scrolls of fog {unknown}
 k - 2 scrolls of recharging
 l - 8 scrolls of teleportation
 m - 3 scrolls of magic mapping
 u - 2 scrolls of enchant weapon
 w - a scroll of fear
 z - 2 scrolls of random uselessness {unknown}
 K - a scroll of brand weapon {unknown}
 L - a scroll of blinking
Potions
 g - 8 potions of curing
 h - 5 potions of haste
 r - 3 potions of agility
 x - 6 potions of might
 D - 3 potions of flight
 I - 2 potions of cancellation
 U - 2 potions of resistance
Comestibles
 c - 7 bread rations
 f - 14 meat rations
 j - 10 royal jellies
 s - 39 fruits


   Skills:
 + Level 15.4 Fighting
 + Level 15.5 Axes
 + Level 15.5 Armour
 + Level 14.0 Dodging


You had 13 spell levels left.
You didn't know any spells.

Dungeon Overview and Level Annotations

Branches:
Dungeon (10/15)            Temple (0/1) D:6            Lair (6/6) D:8
  Swamp (0/4) Lair:4       Spider (0/4) Lair:4        Slime (0/5) Lair:5
    Orc (2/2) D:9
    Elf: Orc:2

Altars:
Cheibriados
Elyvilon
Nemelex Xobeh
Trog
Uskayaw
Beogh
Jiyva

Annotations:
Lair:5 1 runed door
Orc:2 Schizzik's ghost, journeyman DsGl


Innate Abilities, Weirdness & Mutations

You reflexively headbutt those who attack you in melee.
You have a pair of horns on your head.


Message History

The bolt hits you but does no damage. Schizzik's ghost hits you!
* * * LOW HITPOINT WARNING * * *
The orc priest hits you but does no damage.
You are electrocuted!
* * * LOW HITPOINT WARNING * * *
The orc shoots a bolt.
The bolt hits you but does no damage.
The orc warrior shoots a bolt.
The bolt hits you!
* * * LOW HITPOINT WARNING * * *
The centaur shoots an arrow.
The arrow hits you but does no damage.
You closely miss the orc priest.
The orc priest is almost dead.
You hit Schizzik's ghost but do no damage.
The centaur shoots an arrow.
The arrow barely misses you.
The arrow hits the orc priest!
The orc priest dies!
Schizzik's ghost hits you but does no damage.
The orc knight shoots a bolt.
The bolt hits you!!
* * * LOW HITPOINT WARNING * * *
The centaur shoots an arrow.
The arrow hits you!
You die...

▒.▒....▒▒ ▒(..)o..▒
▒. ▒......(▒ ...
.......▒▒... . ▒
▒▒▒.....).....
..▒▒.▒▒(.o...)......
.....▒o.(..)........
.....o.(.W))........
.........(@▒....$...
......(.((▒▒).......
.......[..▒▒▒..$....
.......(.▒▒ .......
......(...▒ .......
.....c.....▒ .......
▒▒.........▒ .......
▒.(...$.... .......
▒..▒<.............▒


You could see an orc knight, 2 orc warriors, a centaur, Schizzik's ghost and an
orc.

Vanquished Creatures
  Kirke (Lair:4)
  A frost giant (IceCv)
  Snorg (Orc:1)
  Josephine (Orc:1)
  Fannar (Lair:1)
  Erolcha (Orc:1)
  7 hydras
  A two-headed ogre (D:10)
  10 death yaks
  Nergalle (Lair:2)
  2 lindwurms (Lair:6)
  Pikel (D:5)
  2 orc knights
  2 orc sorcerers
  Maurice (Orc:1)
  11 elephants
  A centaur zombie (D:10)
  6 black mambas
  14 spiny frogs
  An ice statue (IceCv)
  A gargoyle (D:10)
  2 torpor snails (Lair:6)
  5 komodo dragons
  3 rime drakes (Lair:6)
  4 trolls
  17 polar bears
  21 blink frogs
  2 dream sheep (Lair:6)
  5 hippogriffs
  3 wraiths (Orc:1)
  32 yaks
  4 basilisks
  7 hogs (Lair:4)
  Menkaure (D:4)
  Edmund (D:5)
  A warg (Orc:1)
  10 water moccasins
  6 porcupines
  17 orc warriors
  11 ice beasts
  2 sky beasts
  A swamp drake (D:9)
  2 phantoms
  9 ogres
  30 wolves
  2 black bears
  15 centaurs
  7 crocodiles
  3 big kobolds
  11 bullfrogs
  A scorpion (D:4)
  A water moccasin skeleton (D:8)
  An electric eel (Lair:4)
  3 howler monkeys
  2 crimson imps (D:10)
  2 quasits
  A bullfrog zombie (D:9)
  3 hounds
  2 jellies
  12 orc priests
  Crazy Yiuf (D:5)
  14 orc wizards
  5 centaur skeletons
  4 iguanas
  5 worker ants
  4 big kobold zombies (Ossuary)
  3 mummies
  15 gnolls
  9 adders
  2 shadow imps
  2 oozes
  5 adder zombies (Ossuary)
  4 worms
  2 dart slugs
  10 leopard geckos
  73 orcs
  2 bats
  3 giant cockroaches
  4 gnoll zombies (Ossuary)
  8 goblins
  7 hobgoblins
  14 jackals
  9 kobolds
  4 quokkas
  4 ball pythons (Sewer)
  12 frilled lizards
  5 hobgoblin zombies (Ossuary)
  3 kobold zombies (Ossuary)
  4 orc zombies (Ossuary)
  A quokka skeleton (D:9)
  6 rats
  4 fungi
  3 plants
580 creatures vanquished.

Vanquished Creatures (collateral kills)
  An orc warlord (Orc:1)
  A fire crab (Lair:6)
  A troll (Orc:1)
  2 orcs (Orc:1)
5 creatures vanquished.

Vanquished Creatures (others)
  3 orc warriors (Orc:2)
  A centaur (Orc:2)
  An orc priest (Orc:2)
  A shadow imp (D:5)
  A worm (D:5)
  An orc (Orc:2)
  9 fungi
  4 plants (Lair:6)
21 creatures vanquished.

Grand Total: 606 creatures vanquished

Notes
Turn   | Place    | Note
-------+----------+-------------------------------------------
     0 | D:1      | Lahna the Minotaur Berserker began the quest for the Orb.
     0 | D:1      | Reached XP level 1. HP: 19/19 MP: 0/0
   150 | D:1      | Reached XP level 2. HP: 12/26 MP: 1/1
   652 | D:1      | Reached XP level 3. HP: 33/33 MP: 2/2
   734 | D:2      | Found a sparkling altar of Nemelex Xobeh.
   834 | D:2      | Reached ** piety under Trog
  1585 | D:3      | Found a glowing drain.
  1586 | D:3      | Reached XP level 4. HP: 37/40 MP: 3/3
  1608 | Sewer    | Entered a sewer
  1729 | Sewer    | Reached skill level 5 in Axes
  2514 | D:3      | Reached XP level 5. HP: 47/47 MP: 4/4
  2648 | D:4      | Reached *** piety under Trog
  2741 | D:4      | Found a white marble altar of Elyvilon.
  2778 | D:4      | Noticed an ogre
  2783 | D:4      | Reached XP level 6. HP: 51/55 MP: 5/5
  2786 | D:4      | Reached skill level 5 in Fighting
  3202 | D:4      | Found a bloodstained altar of Trog.
  3337 | D:4      | Noticed Menkaure
  3344 | D:4      | Killed Menkaure
  3344 | D:4      | Reached skill level 5 in Armour
  3344 | D:4      | Reached XP level 7. HP: 27/61 MP: 6/6
  3698 | D:5      | Entered Level 5 of the Dungeon
  3851 | D:5      | Found a sand-covered staircase.
  3858 | Ossuary  | Entered an ossuary
  3915 | Ossuary  | Reached **** piety under Trog
  4208 | D:5      | Noticed Pikel
  4214 | D:5      | Killed Pikel
  4214 | D:5      | Reached skill level 5 in Dodging
  4214 | D:5      | Reached XP level 8. HP: 71/71 MP: 7/7
  4241 | D:5      | Found a hide-covered altar of Uskayaw.
  4273 | D:5      | Noticed Edmund
  4310 | D:5      | Killed Edmund
  4829 | D:5      | Found a runed door.
  4833 | D:5      | Noticed Crazy Yiuf
  4842 | D:5      | Killed Crazy Yiuf
  5173 | D:6      | Reached XP level 9. HP: 79/79 MP: 8/8
  5380 | D:6      | Found a staircase to the Ecumenical Temple.
  5722 | D:7      | Found a snail-covered altar of Cheibriados.
  6179 | D:7      | Reached ***** piety under Trog
  6745 | D:8      | Noticed a death yak
  6750 | D:8      | Noticed an elephant
  6761 | D:8      | Killed a death yak
  6761 | D:8      | Received a gift from Trog
  6769 | D:8      | Killed an elephant
  6785 | D:8      | Reached XP level 10. HP: 34/91 MP: 9/9
  6807 | D:8      | Found a staircase to the Lair.
  7874 | D:9      | Got a smoking cloak
  7885 | D:9      | Identified the cursed +0 cloak "Ysollar" {rPois Regen+} (You found it on level 9 of the Dungeon)
  8046 | D:9      | Reached skill level 10 in Axes
  8146 | D:9      | Got a glittering platinum ring
  8487 | D:9      | Found a staircase to the Orcish Mines.
  8672 | D:9      | Reached skill level 10 in Fighting
  8707 | D:10     | Entered Level 10 of the Dungeon
  8707 | D:10     | Noticed a two-headed ogre
  8712 | D:10     | Killed a two-headed ogre
  8712 | D:10     | Reached skill level 10 in Armour
  8798 | D:10     | Received a gift from Trog
  9102 | D:10     | Noticed a gargoyle
  9110 | D:10     | Killed a gargoyle
  9475 | Lair:1   | Entered Level 1 of the Lair of Beasts
  9556 | Lair:1   | Noticed a spiny frog
  9567 | Lair:1   | Reached XP level 11. HP: 64/101 MP: 3/10
  9698 | Lair:1   | Noticed Fannar
  9712 | Lair:1   | Killed Fannar
 10197 | Lair:2   | Found a frozen archway.
 10208 | Lair:2   | Reached skill level 10 in Dodging
 10264 | Lair:2   | Identified the ring "Hyvoyter" {Wiz +Inv Str+3} (You found it on level 9 of the Dungeon)
 10268 | IceCv    | Entered an ice cave
 10605 | IceCv    | Noticed a death yak
 10616 | IceCv    | Killed a death yak
 10758 | IceCv    | Reached XP level 12. HP: 101/112 MP: 3/11
 10836 | IceCv    | Noticed a death yak
 10844 | IceCv    | Killed a death yak
 10911 | IceCv    | Noticed a frost giant
 10911 | IceCv    | Noticed a death yak
 10919 | IceCv    | Killed a frost giant
 10920 | IceCv    | Killed a death yak
 11425 | Lair:2   | Noticed Nergalle
 11431 | Lair:2   | Killed Nergalle
 11446 | Lair:2   | Noticed a four-headed hydra
 11460 | Lair:2   | Killed a four-headed hydra
 12126 | Lair:3   | Noticed a five-headed hydra
 12137 | Lair:3   | Killed a nine-headed hydra
 12612 | Lair:3   | Reached XP level 13. HP: 122/122 MP: 4/12
 12730 | Lair:3   | Received a gift from Trog
 13270 | Lair:4   | Found a staircase to the Swamp.
 13287 | Lair:4   | Noticed Kirke
 13301 | Lair:4   | Killed Kirke
 13600 | Lair:4   | Found a hole to the Spider Nest.
 14272 | Lair:5   | Found a runed door.
 14276 | Lair:5   | Found a viscous altar of Jiyva.
 14276 | Lair:5   | Noticed an acid blob
 14280 | Lair:5   | Noticed an acid blob
 14282 | Lair:5   | Noticed an acid blob
 14361 | Lair:5   | Found a staircase to the Slime Pits.
 15141 | Lair:6   | Entered Level 6 of the Lair of Beasts
 15423 | Lair:6   | Identified Kenaimpa's Almanac of Feathers and Combat Magic
 16087 | Lair:6   | Reached XP level 14. HP: 92/133 MP: 4/13
 16416 | Lair:6   | Got a steaming dire flail
 16417 | Lair:6   | Identified the +10 dire flail of Maxkeiv {crush, rElec} (You found it on level 6 of the Lair of Beasts)
 16499 | Lair:6   | Reached skill level 15 in Axes
 16696 | Lair:6   | Received a gift from Trog
 16937 | Orc:1    | Entered Level 1 of the Orcish Mines
 16949 | D:9      | Reached skill level 15 in Fighting
 16949 | D:9      | Reached skill level 15 in Armour
 17071 | Orc:1    | Found a roughly hewn altar of Beogh.
 17129 | Orc:1    | Reached ****** piety under Trog
 17188 | Orc:1    | Noticed Erolcha
 17190 | Orc:1    | Killed Erolcha
 17258 | Orc:1    | Noticed Snorg
 17271 | Orc:1    | Killed Snorg
 17581 | Orc:2    | Entered Level 2 of the Orcish Mines
 17615 | Orc:2    | Noticed Schizzik's ghost (journeyman DsGl)
 17720 | Orc:2    | Noticed Maurice
 17836 | Orc:1    | Killed Maurice
 18087 | Orc:2    | Noticed Josephine
 18260 | Orc:1    | Killed Josephine
 18310 | Orc:1    | Noticed an orc warlord
 18323 | Orc:1    | Killed an orc warlord
 18866 | Orc:2    | Shot with an arrow by a centaur

Vault maps used:
D:1:      dpeg_arrival_short_road, minmay_misc_feat_roman, grunt_decor_fettered
D:2:      nicolae_overflow_crystal_walls, minmay_misc_feat_diagonals
D:3:      portal_sewer_entry_f, first_bread
D:4:      lightli_temple_of_fire, elyvilon_altar_5, uniq_menkaure
D:5:      eat_drink_and_be_merry_uskayaw, gup_ossuary_entry_pyramid,
          uniq_crazy_yiuf_cottage, uniq_edmund, uniq_pikel
D:6:      minmay_temple_entry_glassed_door
D:7:      slow_altar_2
D:8:      david_lair_generic, blue_anna_alchemist, minmay_misc_feat_doors
D:9:      erik_orc_1
Lair:1:   grunt_megastairs_4, uniq_fannar
Lair:2:   portal_ice_cave_entry_ice_beasts, serial_bayou_pond_a,
          serial_bayou_shore_a, uniq_nergalle
Lair:3:   st_stairs_11
Lair:4:   swamp_mist_pool, dummy_spider_entry, uniq_kirke
Lair:5:   slime_altar_2
Lair:6:   hangedman_lair_in_review, infiniplex_staircase_pool
Orc:1:    basic_altar, nicolae_orc_crystal_geode, uniq_snorg, uniq_erolcha
Orc:2:    st_orc_rangers, basic_altar, serial_shops, nicolae_shop_stone,
          nicolae_orc_lava_tube, trog_book, uniq_maurice, uniq_josephine
Sewer:    sewer_co_cracked_pipes
Ossuary:  ossuary_tomb_2
IceCv:    ice_cave_caverns_01

Skill      XL: |  1  2  3  4  5  6  7  8  9 10 11 12 13 14 |
---------------+-------------------------------------------+-----
Axes           | 4 5 6 7 8 9 10 12 13 14 15 | 15.5
Armour         | 3 4 5 6 7 9 10 11 13 14 15 | 15.5
Fighting       | 4 5 6 7 9 10 12 13 14 15 | 15.4
Dodging        | 3 4 5 6 8 9 10 11 13 14 | 14.0

Action                   |  1- 3 |  4- 6 |  7- 9 | 10-12 | 13-15 || total
-------------------------+-------+-------+-------+-------+-------++-------
Melee: Hand axe          |    71 |   104 |   231 |     2 |       ||   408
       Headbutt          |    12 |    22 |    75 |   137 |   124 ||   370
       War axe           |       |       |    60 |       |       ||    60
       Battleaxe         |       |       |       |   445 |   274 ||   719
       Flail             |       |       |       |     9 |    20 ||    29
       Executioner's axe |       |       |       |       |   146 ||   146
       Dire flail        |       |       |       |       |     2 ||     2
Invok: Berserk           |     1 |     2 |     6 |     7 |    10 ||    26
       Brothers in Arms  |       |       |       |       |     2 ||     2
       Burn Spellbooks   |       |       |       |       |     1 ||     1
Evoke: Wand              |       |       |       |     3 |       ||     3
  Use: Scroll            |       |       |     8 |    14 |     2 ||    24
       Potion            |       |       |       |       |     3 ||     3
 Stab: Sleeping          |     3 |       |       |       |       ||     3
  Eat: Chunk             |     3 |     7 |    15 |    24 |    30 ||    79
       Fruit             |       |       |     1 |       |       ||     1
       Royal jelly       |       |       |       |     1 |       ||     1
Armor: Animal skin       |    15 |    17 |    23 |       |       ||    55
       Ring mail         |       |       |    45 |   146 |    34 ||   225
       Plate armour      |       |       |       |       |   117 ||   117
       Scale mail        |       |       |       |       |    35 ||    35
       Chain mail        |       |       |       |       |    17 ||    17
Dodge: Dodged            |    47 |    73 |   158 |   473 |   521 ||  1272
Block: Other             |       |    17 |    50 |   129 |   146 ||   342
       Reflection        |       |       |       |     4 |    19 ||    23
